 Dungeon Crawl Stone Soup version 0.18.1-47-g9310371 (webtiles) character file.

219 inmateoo the Ruffian (level 5, -6/46 HPs)
             Began as a Troll Arcane Marksman on June 22, 2016.
             Mangled by an ogre
             ... wielding a +0 giant spiked club
              (21 damage)
             ... on level 4 of the Dungeon.
             The game lasted 00:03:04 (2298 turns).

inmateoo the Ruffian (Troll Arcane Marksman)        Turns: 2298, Time: 00:03:05

Health: -6/46      AC:  6    Str: 20    XL:     5   Next: 63%
Magic:  5/5        EV:  9    Int:  9    God:
Gold:   87         SH:  0    Dex:  9    Spells: 1 memorised, 5 levels left

rFire  . . .     SeeInvis .       - Unarmed
rCold  . . .     Gourm    +     a - +0 robe
rNeg   . . .     Faith    .     (no shield)
rPois  .         Spirit   .     m - +0 hat
rElec  .         Dismiss  .     k - +0 cloak
rCorr  .         Reflect  .     (gloves unavailable)
SustAt .         Harm     .     (boots unavailable)
MR     .....                    (no amulet)
Stlth  +.........               (no ring)
                                (no ring)

@: not resistant to hostile enchantments, very unstealthy
A: unfitting armour, claws 3, fast metabolism 3, gourmand, regeneration 2,
shaggy fur 1, tough skin 2
a: no special abilities


You were on level 4 of the Dungeon.
You were completely stuffed.

You visited 1 branch of the dungeon, and saw 4 of its levels.

You collected 87 gold pieces.

Inventory:

Hand Weapons
 l - a +2 rapier of venom
Missiles
 c - 10 large rocks (quivered)
 d - 2 throwing nets
Armour
 a - a +0 robe (worn)
 h - a +0 large shield
 k - a +0 cloak (worn)
 m - a +0 hat (worn)
Scrolls
 p - a scroll of teleportation
Potions
 e - a potion of might
 g - a potion of cure mutation
 i - a potion of flight
 j - 2 potions of curing {unknown}
 n - a potion of brilliance {unknown}
 q - a potion of magic {unknown}
Books
 b - a book of Debilitation

   Spells                             Type                      Level
   a - Corona                         Hexes                        1
   b - Slow                           Hexes                        2
   c - Gell's Gravitas                Hexes/Translocation          3
   d - Inner Flame                    Hexes/Fire                   3
   e - Cause Fear                     Hexes                        4
   f - Leda's Liquefaction            Hexes/Earth                  4
Comestibles
 f - 4 bread rations
 o - 2 fruits
 r - a meat ration
 s - a chunk of flesh


   Skills:
 - Level 0.7 Fighting
 - Level 1.7 Throwing
 - Level 1.5 Dodging
 * Level 5.5 Unarmed Combat
 - Level 1.0 Spellcasting
 - Level 2.0 Hexes


You had 5 spell levels left.
You knew the following spells:

 Your Spells              Type           Power        Failure   Level  Hunger
a - Corona                Hex            #......      17%         1    ##.....


Dungeon Overview and Level Annotations

Branches:
Dungeon (4/15)
 Temple: D:4-7

Altars:
Qazlal
Xom


Innate Abilities, Weirdness & Mutations

You are too large for most types of armour.
You have claws for hands.
Your metabolism is lightning-fast.
You like to eat raw meat.
You heal very quickly.
You are covered in fur (AC +1).
You have very tough skin (AC +2).


Message History

Found 18 arrows.
There is an open door here.
No target in view!
You open the door.
There is an open door here.
An ogre comes into view. It is wielding a giant spiked club.
The ogre shouts!
Found a stone staircase leading up.
The ogre closely misses you.
You closely miss the ogre. The ogre closely misses you.
You scratch the ogre.
The ogre is lightly wounded.
You scratch the ogre but do no damage.
The ogre is lightly wounded.
The ogre hits you with a giant spiked club!!
Ouch! That really hurt!
You scratch the ogre.
The ogre is lightly wounded.
The ogre hits you with a giant spiked club!!
You die...

#### ######
#...##
......##.....##
# .....#.......#
#.#.........<...
...##.........#
........O....#
#.#
#.###...@....#
#.#
#........#####
#.# ######.##
#.# #.# #.# #.#
#.# ##'## #.#
##...## ##.###
##.....##
##.#..##
##.......#


You could see an ogre.

Vanquished Creatures
  An orc wizard (D:3)
  A worker ant (D:4)
  Robin (D:3)
  4 adders
  6 worms
  2 dart slugs (D:2)
  A giant gecko (D:1)
  3 orcs (D:3)
  7 bats
  2 giant cockroaches
  13 goblins
  13 hobgoblins
  9 jackals
  A quokka (D:3)
  A ball python (D:1)
  3 giant newts
  7 kobolds
  19 rats
94 creatures vanquished.

Notes
Turn   | Place    | Note
--------------------------------------------------------------
     0 | D:1      | inmateoo the Troll Arcane Marksman began the quest for the Orb.
     0 | D:1      | Reached XP level 1. HP: 18/18 MP: 1/1
    61 | D:1      | Reached skill level 1 in Unarmed Combat
   154 | D:1      | Reached XP level 2. HP: 25/26 MP: 2/2
   195 | D:1      | Reached skill level 2 in Unarmed Combat
   515 | D:1      | Reached XP level 3. HP: 31/32 MP: 3/3
   886 | D:2      | Reached skill level 3 in Unarmed Combat
  1004 | D:2      | Found a shimmering altar of Xom.
  1042 | D:2      | Reached XP level 4. HP: 40/40 MP: 4/4
  1297 | D:2      | Found a stormy altar of Qazlal.
  1635 | D:3      | Reached skill level 4 in Unarmed Combat
  1761 | D:3      | Reached XP level 5. HP: 8/46 MP: 5/5
  1809 | D:3      | Noticed Robin
  1831 | D:3      | Killed Robin
  1831 | D:3      | Reached skill level 5 in Unarmed Combat
  2291 | D:4      | Noticed an ogre
  2298 | D:4      | Mangled by an ogre

Skill      XL: |  1  2  3  4  5 |
---------------+----------------+-----
Unarmed Combat | 1 2 3 4 5 |  5.5
Fighting       | |  0.7
Throwing       | |  1.7
Dodging        | |  1.5
Spellcasting   | |  1.0
Hexes          | |  2.0

Action                   |  1- 3 |  4- 6 || total
-------------------------+-------+-------++-------
Melee: Unarmed           |   130 |   152 ||   282
  Use: Scroll            |     5 |     3 ||     8
 Stab: Sleeping          |       |     1 ||     1
  Eat: Chunk             |    15 |    12 ||    27
Armor: Robe              |    68 |    72 ||   140
Dodge: Dodged            |    92 |    66 ||   158
